 Dungeon Crawl Stone Soup version 0.29.0-15-g675c0067aa (webtiles) character file.

Game seed: 12260235175975680273

2866 ImASeal the Cleaver (level 9, -3/73 (85) HPs)
             Began as a Troll Fighter on Sept 12, 2022.
             Was an Initiate of Gozag.
             Slain by a wight
             ... wielding a +3 halberd
              (7 damage)
             ... on level 8 of the Dungeon.
             The game lasted 00:25:35 (7006 turns).

ImASeal the Cleaver (Troll Fighter)                 Turns: 7006, Time: 00:25:35

HP:   -3/73 (85)    AC:  4    Str: 30    XL:     9   Next: 47%
MP:   8/8           EV:  8    Int:  4    God:    Gozag
Gold: 149           SH:  7    Dex:  9    Spells: 8/8 levels left

rFire   + . .      SeeInvis +   v - +3 hand axe
rCold   + . .      Faith    .   c - +0 kite shield
rNeg    . . .      Spirit   .   b - +0 robe
rPois   +          Reflect  .   (helmet restricted)
rElec   +          Harm     +   n - scarf {harm}
rCorr   +          Rampage  .   (gloves unavailable)
Will    .....                   (boots unavailable)
Stlth   +.........              (no amulet)
HPRegen 1.02/turn               r - ring of see invisible
MPRegen 0.11/turn               (no ring)

@: resistant, on berserk cooldown, slowed, heavily drained, very slow
A: large, unfitting armour, claws 3, regeneration 1, shaggy fur 1, tough skin 1
a: Renounce Religion, Potion Petition, Call Merchant, Bribe Branch


You were on level 8 of the Dungeon.
You worshipped Gozag.
Gozag was aware of your devotion.
You visited 2 branches of the dungeon, and saw 9 of its levels.

You collected 711 gold pieces.
You spent 451 gold pieces at shops.
You paid 111 gold pieces to Gozag.

Inventory:

Hand Weapons
 a - a +0 war axe
 v - a +3 hand axe (weapon)
Missiles
 w - 16 poisoned darts (quivered)
Armour
 b - a +0 robe (worn)
 c - a +0 kite shield (worn)
 n - a scarf of harm (worn)
Jewellery
 r - a ring of see invisible (left claw)
 y - a ring of wizardry
Wands
 q - a wand of polymorph (5)
 u - a wand of digging (6)
 A - a wand of roots (14)
Scrolls
 f - 2 scrolls of amnesia
 g - 3 scrolls of butterflies
 h - a scroll of enchant armour
 i - 3 scrolls of vulnerability
 j - 3 scrolls of identify
 m - a scroll of torment {unknown}
 o - a scroll of fear
 t - a scroll of magic mapping
 x - 2 scrolls of poison
 B - 2 scrolls of blinking {unknown}
 C - 3 scrolls of teleportation {unknown}
Potions
 e - 5 potions of flight
 k - 2 potions of berserk rage
 p - 2 potions of lignification
 s - 3 potions of attraction {unknown}
 z - 3 potions of cancellation {unknown}
 D - 2 potions of mutation {unknown}
 E - a potion of haste
 F - 2 potions of brilliance


   Skills:
 + Level 4.3 Fighting
 * Level 10.4 Axes
 + Level 0.4 Throwing
 - Level 2.4 Dodging
 - Level 0.2 Stealth
 - Level 2.7 Shields


You had 8 spell levels left.
You didn't know any spells.
Your spell library contained the following spells:

 Spells                   Type           Power      Damage    Failure   Level
 Blink                    Tloc           0%         N/A       91%         2
 Gell's Gravitas          Tloc           0%         N/A       99%         3
 Lesser Beckoning         Tloc           0%         N/A       99%         3
 Teleport Other           Tloc           0%         N/A       99%         3
 Summon Ice Beast         Ice/Summ       0%         N/A       100%        4
 Manifold Assault         Tloc           0%         N/A       100%        5
 Summon Mana Viper        Hex/Summ       0%         N/A       100%        5
 Monstrous Menagerie      Summ           0%         N/A       100%        7


Dungeon Overview and Level Annotations

Branches:
Dungeon (8/15)             Temple (1/1) D:7
   Lair: D:8-11

Altars:
Ashenzari
Cheibriados
Dithmenos
Elyvilon
Fedhas
Gozag
Hepliaklqana
Kikubaaqudgha
Makhleb
Nemelex Xobeh
Okawaru
Ru
Sif Muna
Trog
Uskayaw
Vehumet
Wu Jian
Xom
Yredelemnul
Zin
The Shining One

Shops:
D:2 !

Annotations:
D:4 1 runed translucent door, Exe's ghost, novice DsBe


Innate Abilities, Weirdness & Mutations

You are too large for most types of armour.
You have claws for hands.
Your natural rate of healing is unusually fast.
You are covered in fur. (AC +1)
You have tough skin. (AC +1)


Message History

You feel a strong urge to attack something.
The wight hits you but does no damage. You block the wight's attack.
You feel your anger nearly subside.
You are no longer berserk.
You are exhausted.
You feel yourself slow down.
The wight hits you from afar with a +3 halberd.
* * * LOW HITPOINT WARNING * * *
The wight hits you but does no damage. The wight hits you but does no damage.
You block the wight's attack. You block the wight's attack.
The wight hits you but does no damage. x2
The wight hits you but does no damage.
The wight hits you but does no damage. x2
The wight hits you but does no damage. You block the wight's attack.
The wight hits you from afar with a +3 halberd.
* * * LOW HITPOINT WARNING * * *
Your transformation is almost over.
The wight hits you from afar with a +3 halberd.
* * * LOW HITPOINT WARNING * * *
You block the wight's attack.
The wight hits you from afar with a +3 halberd.
* * * LOW HITPOINT WARNING * * *
You block the wight's attack.
The wight hits you but does no damage. x2
The wight hits you from afar with a +3 halberd.
* * * LOW HITPOINT WARNING * * *
You feel drained.
* * * LOW HITPOINT WARNING * * *
You feel less wooden.
Your scarf of harm unmelds from your body.
Your +0 robe unmelds from your body.
The wight hits you from afar with a +3 halberd.
* * * LOW HITPOINT WARNING * * *
You block the wight's attack.
The wight hits you from afar with a +3 halberd.
You die...
Your body crumbles into a pile of gold.

#....#...##....#.###.#
#..[.#..Y...<..#.#.#.#
.)...#.#...........#.#
...[.#.#.z...z.......#
..o..#.# ......#[#.#.#
.....#.. ...## #$#.#.#
.....# . #z#.#.###
.....# #.#.....#
.....# #@###.#.#####
##'### #.#.........#
#Y##
#.######)#)#.#.##.##
#..#
#........).#.#.##.#
##.####
####...)###.#....#
#....# #.#### #.######
####)## #.# #.# #..##
#.# #.#
#######..####>### #.#


You could see a wight.

Vanquished Creatures
  Grinder (D:3)
  A water moccasin (Temple)
  2 sky beasts
  2 orc warriors (D:7)
  2 ice beasts
  2 ogres
  3 phantoms
  3 bullfrogs
  A scorpion (D:6)
  4 wights (D:8)
  A howler monkey (D:7)
  2 jellies
  5 hounds
  6 orc priests
  A gnoll bouda (D:7)
  3 iguanas
  11 orc wizards
  A hell rat (D:7)
  6 gnolls
  4 adders
  7 river rats (D:7)
  2 white imps
  An ufetubus (D:7)
  A worm (D:5)
  A dart slug (D:5)
  30 orcs
  4 bats
  A bat zombie (D:6)
  10 endoplasms
  5 giant cockroaches
  10 hobgoblins
  4 jackals
  11 quokkas
  10 ball pythons
  3 frilled lizards
  3 goblins
  8 kobolds
  26 rats
  2 rat zombies (D:6)
200 creatures vanquished.

Notes
Turn   | Place    | Note
-------+----------+-------------------------------------------
     0 | D:1      | ImASeal the Troll Fighter began the quest for the Orb.
     0 | D:1      | Reached XP level 1. HP: 22/22 MP: 0/0
   125 | D:1      | Reached skill level 2 in Axes
   125 | D:1      | Reached XP level 2. HP: 29/29 MP: 1/1
   538 | D:2      | Found a faded altar of an unknown god.
   583 | D:2      | Reached XP level 3. HP: 36/36 MP: 2/2
   590 | D:2      | Reached skill level 3 in Axes
   715 | D:2      | Reached XP level 4. HP: 43/44 MP: 3/3
   754 | D:2      | You fall into a shaft and drop 1 floor!
  1008 | D:2      | Found Xisurghio's Distillery.
  1021 | D:2      | Bought a potion of curing for 33 gold pieces
  1309 | D:3      | Noticed Grinder
  1483 | D:3      | Reached skill level 4 in Axes
  1486 | D:3      | Paralysed by Grinder for 4 turns
  1494 | D:3      | Killed Grinder
  1495 | D:3      | Reached skill level 5 in Axes
  1495 | D:3      | Reached XP level 5. HP: 29/50 MP: 4/4
  1495 | D:3      | Reached XP level 6. HP: 34/59 MP: 5/5
  1830 | D:4      | HP: 1/59 [orc wizard/magic dart (9)]
  1959 | D:4      | Reached skill level 6 in Axes
  2123 | D:4      | Reached XP level 7. HP: 64/66 MP: 6/6
  2357 | D:2      | Bought a potion of flight for 33 gold pieces
  2357 | D:2      | Bought a potion of curing for 33 gold pieces
  2357 | D:2      | Bought a potion of lignification for 33 gold pieces
  2357 | D:2      | Bought a potion of degeneration for 11 gold pieces
  2933 | D:4      | Found a runed translucent door.
  2933 | D:4      | Noticed Exe's ghost (novice DsBe)
  3176 | D:5      | Entered Level 5 of the Dungeon
  3218 | D:5      | Reached skill level 7 in Axes
  4127 | D:6      | Reached XP level 8. HP: 35/75 MP: 7/7
  4424 | D:6      | Reached skill level 8 in Axes
  4532 | D:6      | Found an ancient bone altar of Kikubaaqudgha.
  4942 | D:7      | Found a staircase to the Ecumenical Temple.
  4952 | D:7      | Reached skill level 9 in Axes
  5013 | Temple   | Entered the Ecumenical Temple
  5305 | Temple   | Became a worshipper of Gozag Ym Sagoz the Greedy
  5352 | D:7      | Found a broken altar of Ashenzari.
  5471 | D:7      | Found a basalt altar of Yredelemnul.
  5492 | D:7      | Reached XP level 9. HP: 65/84 MP: 8/8
  5624 | D:7      | Found a shadowy altar of Dithmenos.
  6562 | D:2      | Bought a potion of resistance for 110 gold pieces
  6562 | D:2      | Bought a potion of haste for 110 gold pieces
  6562 | D:2      | Bought 2 potions of brilliance for 88 gold pieces
  6679 | D:8      | Reached skill level 10 in Axes
  6827 | D:8      | Identified the +12 whip "Rufaehock" {drain, Int+7}
  6983 | D:8      | HP: 3/115 [wight/+3 halberd (10)]
  6983 | D:8      | HP: 1/112 [wight/+3 halberd (2)]
  6990 | D:8      | HP: 3/111 [wight/+3 halberd (5)]
  7004 | D:8      | HP: 1/73 [wight/+3 halberd (6)]
  7006 | D:8      | Slain by a wight

Illustrated notes

Levels and vault maps discovered:
D:1:      dpeg_arrival_stonehenge_12_columns, layout_basic
D:2:      layout_rooms, serial_shops, shop,
          hellmonk_ecumenical_altar_prayer_group, nrook_mini_vaults
D:3:      layout_basic, uniq_grinder
D:4:      minmay_bubble_buster, layout_layer_cave, ebering_ghost_inner_flame
D:5:      layout_basic, portal_sewer_entry_e, roderic_filled_cross
D:6:      layout_rooms, lemuel_zombie_altar_kikubaaqudgha,
          kennysheep_another_room
D:7:      lemuel_ratsnest, layout_loops_ring,
          chequers_temple_overflow_statue_of_worship,
          nicolae_ashenzari_skybound, minmay_temple_entry_statues_pillars
D:8:      layout_basic, uniq_prince_ribbit1
Temple:   bh_familiar_temple

Skill      XL: |  1  2  3  4  5  6  7  8  9 |
---------------+----------------------------+-----
Axes           | 2 3 5 6 7 9 10 | 10.4
Fighting       | 3 4 |  4.3
Throwing       | |  0.4
Dodging        | |  2.4
Stealth        | |  0.2
Shields        | |  2.7

Action                   |  1- 3 |  4- 6 |  7- 9 || total
-------------------------+-------+-------+-------++-------
Melee: War axe           |   114 |   125 |   334 ||   573
       Hand axe          |       |       |    40 ||    40
Throw: Dart              |       |       |     5 ||     5
Evoke: Wand              |       |       |     1 ||     1
  Use: Potion            |       |     4 |    12 ||    16
       Scroll            |       |       |    11 ||    11
 Stab: Distracted        |       |       |     2 ||     2
       Sleeping          |       |       |     1 ||     1
Armor: Robe              |    39 |    33 |    85 ||   157
       Skin              |       |       |    17 ||    17
Dodge: Dodged            |    49 |    34 |    98 ||   181
Block: Kite shield       |    50 |    35 |   120 ||   205
